 Dungeon Crawl Stone Soup version 0.26-a0-720-g2a1d101370 (webtiles) character file.

Game seed: 7044094746335225814

1682 Murumi the Chucker (level 9, -3/88 HPs)
             Began as an Ogre Conjurer on Nov 2, 2020.
             Was a Follower of Okawaru.
             Slain by an iguana (13 damage)
             ... on level 6 of the Dungeon.
             The game lasted 00:26:51 (8137 turns).

Murumi the Chucker (Ogre Conjurer)                  Turns: 8137, Time: 00:26:52

Health: -3/88      AC:  4    Str: 16    XL:     9   Next: 2%
Magic:  3/13       EV: 14    Int: 19    God:    Okawaru [*.....]
Gold:   331        SH:  0    Dex:  7    Spells: 11/14 levels left

rFire    . . .     SeeInvis .   c - +1 whip
rCold    . . .     Faith    .   (no shield)
rNeg     . . .     Spirit   .   a - +0 robe
rPois    .         Reflect  .   n - +1 hat
rElec    .         Harm     .   z - scarf {shadows}
rCorr    .         Rampage  .   (gloves unavailable)
MR       +....                  (boots unavailable)
Stlth    ++........             (no amulet)
HPRegen  0.24/turn              l - +4 ring of evasion
MPRegen  0.13/turn              F - ring of protection from magic

@: no status effects
A: large, unfitting armour, tough skin 1
a: Heroism, Renounce Religion


You were on level 6 of the Dungeon.
You worshipped Okawaru.
Okawaru was aware of your devotion.
You visited 2 branches of the dungeon, and saw 8 of its levels.

You collected 331 gold pieces.

Inventory:

Hand Weapons
 c - a +1 whip (weapon)
 u - a +2 morningstar of holy wrath
 E - a +0 giant spiked club
Missiles
 f - 182 stones (quivered)
 i - 31 poisoned darts
Armour
 a - a +0 robe (worn)
 n - a +1 hat (worn)
 z - a scarf of shadows (worn)
Jewellery
 l - a +4 ring of evasion (left hand)
 F - a ring of protection from magic (right hand)
Wands
 b - a wand of random effects (18)
 y - a wand of iceblast (6)
 C - a wand of disintegration (16)
Scrolls
 o - 4 scrolls of magic mapping
 s - 3 scrolls of amnesia
 t - a scroll of fog
 x - a scroll of teleportation
 B - 3 scrolls of remove curse
Potions
 d - 4 potions of heal wounds
 e - 3 potions of curing
 g - a potion of invisibility
 j - a potion of magic
 k - a potion of brilliance
 m - 2 potions of resistance
 p - a potion of stabbing
 r - a potion of mutation
 w - a potion of might
 A - a potion of cancellation {unknown}
 D - a potion of haste {unknown}


   Skills:
 - Level 5.0 Fighting
 + Level 5.5 Maces & Flails
 - Level 7.0 Throwing
 - Level 1.0 Armour
 - Level 2.0 Dodging
 - Level 2.0 Stealth
 - Level 3.0 Spellcasting
 - Level 4.0 Conjurations
 - Level 2.0 Invocations
 - Level 1.0 Evocations


You had 11 spell levels left.
You knew the following spells:

 Your Spells              Type           Power        Failure   Level
a - Magic Dart            Conj           #...         3%          1
b - Searing Ray           Conj           #.....       4%          2

Your spell library contained the following spells:

 Spells                   Type           Power        Failure   Level
 Corona                   Hex            #......      16%         1
 Dazzling Flash           Conj/Hex       #.....       21%         3
 Ensorcelled Hibernation  Hex/Ice        #.....       22%         2
 Confusing Touch          Hex            #.......     41%         3
 Tukima's Dance           Hex            #.......     41%         3
 Fulminant Prism          Conj/Hex       #.........   54%         4
 Iskenderun's Mystic Bla  Conj/Tloc      #.......     54%         4


Dungeon Overview and Level Annotations

Branches:
Dungeon (7/15)             Temple (1/1) D:5

Altars:
Ashenzari
Cheibriados
Dithmenos
Elyvilon
Fedhas
Hepliaklqana
Kikubaaqudgha
Makhleb
Okawaru
Qazlal
Sif Muna
Trog
Uskayaw
Vehumet
Wu Jian
Xom
Yredelemnul
Zin
The Shining One


Innate Abilities, Weirdness & Mutations

You are too large for most types of armour.
You have tough skin. (AC +1)


Message History

The iguana bites you.
* * * LOW HITPOINT WARNING * * *
There is a stone staircase leading up, spattered with blood here.
Unknown command.
The iguana bites you!
* * * LOW HITPOINT WARNING * * *
You climb upwards.
There is a stone staircase leading down, spattered with blood here.
You see here a +0 ring mail.
Items here: )))) [[ รท.
Casting: Searing Ray (safe; 4% risk of failure)
Confirm with . or Enter, or press ? or * to list all spells.
Aiming: Searing Ray (safe; 4% risk of failure)
Press: ? - help, Shift-Dir - straight line, f - iguana
Aim: an iguana You feel a numb sensation.
The searing ray hits the iguana.
The iguana is moderately wounded. (Press . to maintain the ray.)
The iguana bites you!
You die...

.### #.....######.#...#.# ...#
#####.# #.#...#.# .#.# ### #.#
#.#...#.# .#.### ####.#### #<#
#.......# .....#
#...#...###.#######...#### ##.#.#
#..###..#............###
##.#.###.## ##..>..##.........###
...#......###..#l####...##..#....
########.#.#.#.#@##......)....###
#.##.##.#........##....#
#.......#........###...#
##########.............#
#.......#.......#
#........#####.### #..##.#..#
#.....# #..#..#..# #.....#
#..#.##..# #.....#


You could see an iguana.

Vanquished Creatures
  Prince Ribbit (D:7)
  4 ogres
  A centaur (D:5)
  2 bullfrogs
  3 howler monkeys
  A bullfrog zombie (D:7)
  A jelly (D:6)
  3 orc priests
  A centaur skeleton (D:5)
  A hound (D:5)
  2 orc wizards (D:4)
  Natasha (thrice) (D:2)
  6 worker ants
  A worker ant zombie (D:6)
  11 gnolls
  5 adders
  A shadow imp (D:6)
  An ufetubus (D:5)
  An ooze (D:7)
  An adder zombie (D:6)
  3 worms
  2 dart slugs
  5 leopard geckos
  16 orcs
  3 ball pythons
  7 bats
  8 giant cockroaches
  11 goblins
  14 hobgoblins
  6 jackals
  9 kobolds
  8 quokkas
  4 frilled lizards
  13 rats
159 creatures vanquished.

Notes
Turn   | Place    | Note
-------+----------+-------------------------------------------
     0 | D:1      | Murumi the Ogre Conjurer began the quest for the Orb.
     0 | D:1      | Reached XP level 1. HP: 16/16 MP: 3/3
   222 | D:1      | Reached XP level 2. HP: 24/24 MP: 4/6
   463 | D:1      | Learned a level 2 spell: Searing Ray
   639 | D:1      | Reached XP level 3. HP: 31/31 MP: 0/7
  1136 | D:1      | Reached skill level 1 in Throwing
  1760 | D:2      | Reached skill level 1 in Maces & Flails
  1761 | D:2      | Reached XP level 4. HP: 40/40 MP: 4/8
  1762 | D:2      | Reached skill level 1 in Fighting
  1885 | D:2      | Found a broken altar of Ashenzari.
  1922 | D:2      | Reached skill level 2 in Throwing
  1995 | D:2      | Found a white marble altar of Elyvilon.
  2142 | D:2      | Found a shimmering altar of Xom.
  2144 | D:2      | Found a shimmering altar of Xom.
  2147 | D:2      | Found a shimmering altar of Xom.
  2147 | D:2      | Found a shimmering altar of Xom.
  2166 | D:2      | Found a shimmering altar of Xom.
  2167 | D:2      | Found a shimmering altar of Xom.
  2327 | D:2      | Noticed Natasha
  2335 | D:2      | Killed Natasha
  2335 | D:2      | Reached XP level 5. HP: 45/48 MP: 6/9
  2394 | D:2      | Noticed Natasha
  2405 | D:2      | Killed Natasha
  2649 | D:2      | Found a broken altar of Ashenzari.
  2703 | D:2      | Found a shimmering altar of Xom.
  2705 | D:2      | Found a shimmering altar of Xom.
  2707 | D:2      | Found a shimmering altar of Xom.
  2707 | D:2      | Found a shimmering altar of Xom.
  2708 | D:2      | Found a shimmering altar of Xom.
  2711 | D:2      | Found a shimmering altar of Xom.
  2805 | D:2      | Noticed Natasha
  2812 | D:2      | Killed Natasha
  3085 | D:3      | Reached skill level 3 in Throwing
  3161 | D:3      | Found a shadowy altar of Dithmenos.
  3343 | D:2      | Found a white marble altar of Elyvilon.
  3553 | D:3      | Found a radiant altar of Vehumet.
  3553 | D:3      | Found an ornate altar of the Wu Jian Council.
  3798 | D:4      | Reached XP level 6. HP: 56/57 MP: 5/10
  4215 | D:4      | Reached skill level 4 in Throwing
  4224 | D:4      | Reached XP level 7. HP: 67/67 MP: 1/11
  4576 | D:4      | Found a stormy altar of Qazlal.
  5005 | D:5      | Entered Level 5 of the Dungeon
  5418 | D:5      | Found a staircase to the Ecumenical Temple.
  5424 | Temple   | Entered the Ecumenical Temple
  5555 | D:5      | Found a bloodstained altar of Trog.
  5926 | D:5      | Reached skill level 1 in Armour
  5926 | D:5      | Reached skill level 1 in Evocations
  6320 | D:5      | Found a blossoming altar of Fedhas.
  6708 | D:6      | Found an iron altar of Okawaru.
  6715 | D:6      | Became a worshipper of Warmaster Okawaru
  6824 | D:6      | Reached skill level 5 in Throwing
  6847 | D:6      | Reached skill level 1 in Invocations
  6918 | D:6      | Reached XP level 8. HP: 78/78 MP: 12/12
  6980 | D:6      | Reached skill level 5 in Maces & Flails
  7876 | D:6      | Reached skill level 6 in Throwing
  8071 | D:7      | Reached skill level 5 in Fighting
  8073 | D:7      | Noticed Prince Ribbit
  8085 | D:7      | Reached * piety under Okawaru
  8091 | D:7      | Killed Prince Ribbit
  8091 | D:7      | Reached skill level 7 in Throwing
  8112 | D:7      | Reached XP level 9. HP: 16/88 MP: 2/13
  8137 | D:6      | Slain by an iguana

Illustrated notes

Levels and vault maps discovered:
D:1:      wheals_arrival_linesprint, layout_basic
D:2:      layout_rooms, xom_redecorated, ashenzari_altar_1,
          nicolae_overflow_hidden_temple, uniq_natasha
D:3:      layout_rooms, nicolae_overflow_crystal_walls,
          amethyst_overflow_temple_binary, wander_ebering_terrifying_dragon_lair
D:4:      layout_loops_ring, grunt_qazlal_sundering
D:5:      layout_basic, kennysheep_little_box,
          minmay_temple_entry_enclosed_plants, basic_altar
D:6:      layout_loops_cross, lemuel_coloured_pillars_altar
D:7:      layout_rooms, grunt_temple_overflow_opulence, uniq_prince_ribbit1
Temple:   zaba_magenta_temple

Skill      XL: |  1  2  3  4  5  6  7  8 |
---------------+-------------------------+-----
Spellcasting   | 3 |  3.0
Conjurations   | 4 |  4.0
Dodging        | 2 |  2.0
Stealth        | 2 |  2.0
Throwing       | 1 2 3 4 5 7 |  7.0
Maces & Flails | 1 2 3 4 5 |  5.5
Fighting       | 1 2 3 4 5 |  5.0
Armour         | 1 |  1.0
Evocations     | 1 |  1.0
Invocations    | 1 2 |  2.0

Action                   |  1- 3 |  4- 6 |  7- 9 || total
-------------------------+-------+-------+-------++-------
Melee: Club              |    28 |       |       ||    28
       Whip              |     4 |    67 |   166 ||   237
       Morningstar       |       |       |     6 ||     6
Throw: Stone             |     1 |    67 |    88 ||   156
       Dart              |       |    13 |     4 ||    17
       Javelin           |       |       |     6 ||     6
       Large rock        |       |       |     3 ||     3
       Throwing net      |       |       |     1 ||     1
 Cast: Magic Dart        |    66 |    28 |       ||    94
       Searing Ray       |     3 |    16 |    18 ||    37
  Use: Scroll            |     4 |    10 |     5 ||    19
 Stab: Sleeping          |       |     1 |       ||     1
Armor: Robe              |    14 |    14 |    24 ||    52
Dodge: Dodged            |    43 |    54 |   123 ||   220

Table legend: (Time is in decaauts)
 A = Elapsed time spent in this place.
 B = Non-inter-level travel time spent in this place.
 C = Inter-level travel time spent in this place.
 D = Time resting spent in this place.
 E = Time spent auto-exploring this place.
 F = Levels seen in this place.
 G = Mean time per level.
                   A        B        C        D        E       F      G
               +--------+--------+--------+--------+--------+-----+--------+
         Total |   8129 |   7561 |    568 |      2 |   6502 |   8 | 1016.1 |
       Dungeon |   8052 |   7504 |    548 |      2 |   6445 |   7 | 1150.3 |
        Temple |     76 |     57 |     19 |      0 |     57 |   1 |   76.0 |
               +--------+--------+--------+--------+--------+-----+--------+

Top non-repeatable levels by time:
     D:1: 1667 daAuts
     D:6: 1462 daAuts
     D:2: 1416 daAuts
     D:4: 1275 daAuts
     D:5: 1200 daAuts
     D:3: 785 daAuts
     D:7: 243 daAuts
  Temple: 76 daAuts
